 Dungeon Crawl Stone Soup version 0.29.0-15-g675c0067aa (webtiles) character file.

Game seed: 13189473263019333846

1776 Doot the Magician (level 9, -4/57 HPs)
             Began as an Octopode Hedge Wizard on Sept 11, 2022.
             Was a Follower of Sif Muna.
             Succumbed to a water moccasin's poison
             ... on level 7 of the Dungeon.
             The game lasted 00:16:33 (9959 turns).

Doot the Magician (Octopode Hedge Wizard)           Turns: 9959, Time: 00:16:34

Health: -4/57      AC:  1    Str:  9    XL:     9   Next: 8%
Magic:  19/19      EV: 13    Int: 21    God:    Sif Muna [*.....]
Gold:   338        SH:  3    Dex: 11    Spells: 5/21 levels left

rFire   . . .      SeeInvis .   d - +3 dagger
rCold   . . .      Faith    .   r - +0 buckler
rNeg    . . .      Spirit   .   b - +0 hat
rPois   .          Reflect  .   i - amulet of magic regeneration
rElec   .          Harm     .   (no ring)
rCorr   .          Rampage  .   (no ring)
Will    .....                   (no ring)
Stlth   ++++......              (no ring)
HPRegen 0.19/turn               (no ring)
MPRegen 0.56/turn               (no ring)
                                (no ring)
                                (no ring)

@: lethally poisoned (-4 -> -28), attractive, on blink cooldown
A: almost no armour, amphibious, 8 rings, camouflage 1, gelatinous body 1,
(nimble swimmer 1), tentacles
a: Renounce Religion, Channel Magic


You were on level 7 of the Dungeon.
You worshipped Sif Muna.
Sif Muna was aware of your devotion.
You visited 2 branches of the dungeon, and saw 8 of its levels.

You collected 338 gold pieces.

Inventory:

Hand Weapons
 a - a +0 dagger
 d - a +3 dagger (weapon)
Armour
 b - a +0 hat (worn)
 r - a +0 buckler (worn)
Magical Staves
 u - a staff of cold
Jewellery
 f - an amulet of the acrobat
 i - an amulet of magic regeneration (around mantle)
 w - a ring of ice
Scrolls
 e - 5 scrolls of identify {unknown}
 g - a scroll of fear {unknown}
 j - 3 scrolls of fog {unknown}
 k - a scroll of acquirement {unknown}
 l - a scroll of vulnerability {unknown}
 n - 5 scrolls of teleportation {unknown}
 o - a scroll of noise {unknown}
 q - 4 scrolls of enchant armour {unknown}
 v - a scroll of silence {unknown}
 x - 2 scrolls of summoning {unknown}
Potions
 c - a potion of magic
 h - a potion of lignification {unknown}
 p - a potion of cancellation {unknown}
 t - a potion of mutation {unknown}
 z - a potion of attraction
 A - a potion of degeneration {unknown}


   Skills:
 + Level 3.2 Fighting
 + Level 2.3 Short Blades
 + Level 3.7 Dodging
 + Level 5.2 Stealth
 + Level 0.2 Shields
 + Level 6.7 Spellcasting
 + Level 4.9 Conjurations
 + Level 1.0 Summonings
 + Level 1.5 Translocations
 + Level 1.0 Transmutations
 + Level 1.7 Fire Magic
 + Level 1.7 Air Magic
 + Level 3.0 Poison Magic


You had 5 spell levels left.
You knew the following spells:

 Your Spells              Type           Power      Damage    Failure   Level
a - Magic Dart            Conj           100%       1d8       1%          1
b - Blink                 Tloc           26%        N/A       10%         2
c - Conjure Flame         Conj/Fire      21%        6-21      10%         3
d - Mephitic Cloud        Conj/Pois/Air  20%        N/A       10%         3
e - Ignite Poison         Fire/Tmut/Pois 15%        N/A       17%         3
f - Sticky Flame          Conj/Fire      21%        2d4       30%         4

Your spell library contained the following spells:

 Spells                   Type           Power      Damage    Failure   Level
 Foxfire                  Conj/Fire      84%        2x1d8     3%          1
 Slow                     Hex            28%        N/A       12%         1
 Call Imp                 Summ           11%        N/A       12%         2
 Gell's Gravitas          Tloc           13%        N/A       19%         3
 Lesser Beckoning         Tloc           13%        N/A       19%         3
 Teleport Other           Tloc           13%        N/A       19%         3
 Call Canine Familiar     Summ           11%        N/A       24%         3
 Portal Projectile        Hex/Tloc       20%        N/A       26%         3
 Ozocubu's Armour         Ice            7%         N/A       36%         3
 Fireball                 Conj/Fire      10%        3d6       65%         5
 Leda's Liquefaction      Hex/Erth       3%         N/A       77%         4
 Malign Gateway           Summ/Tloc      6%         N/A       100%        7
 Ozocubu's Refrigeration  Ice            3%         4d8       100%        7


Dungeon Overview and Level Annotations

Branches:
Dungeon (7/15)             Temple (1/1) D:5

Altars:
Ashenzari
Cheibriados
Dithmenos
Elyvilon
Fedhas
Gozag
Hepliaklqana
Kikubaaqudgha
Makhleb
Nemelex Xobeh
Okawaru
Qazlal
Ru
Sif Muna
Uskayaw
Vehumet
Wu Jian
Xom
Yredelemnul
Zin

Annotations:
D:4 Edmund, Sigmund
D:5 2 transporters, KamiKatze's ghost, novice GrFi


Innate Abilities, Weirdness & Mutations

You cannot wear most types of armour.
You are amphibious.
You can wear up to eight rings at the same time.
Your skin changes colour to match your surroundings (Stealth+).
Your rubbery body absorbs attacks. (AC +1, EV +1)
((You are camouflaged when in or above water. (Stealth+)))
You have tentacles for arms and can constrict up to eight enemies at once.


Message History

You are lethally poisoned!
The water moccasin poisons you!
* * * LOW HITPOINT WARNING * * *
You feel very sick. The water moccasin closely misses you.
It was a potion of heal wounds.
You feel much better.
You feel very sick. The water moccasin bites you.
You are more poisoned.
The water moccasin poisons you!
Unknown command.
You feel very sick.
You feel stable enough to blink again.
You feel very sick. The water moccasin bites you.
* * * LOW HITPOINT WARNING * * *
The water moccasin attacks as you move away!
The water moccasin bites you.
* * * LOW HITPOINT WARNING * * *
x2 You feel very sick.
You feel much better.
You feel sick. The water moccasin bites you.
You are more poisoned.
The water moccasin poisons you! The water moccasin barely misses you.
Casting: Blink (safe; 10% risk of failure)
Confirm with . or Enter, or press ? or * to list all spells.
You blink.
You feel very sick.
* * * LOW HITPOINT WARNING * * *
You feel very sick.
The water moccasin attacks as you move away!
The water moccasin bites you!
* * * LOW HITPOINT WARNING * * *
You are more poisoned.
The water moccasin poisons you!
* * * LOW HITPOINT WARNING * * *
You feel extremely sick. You block the water moccasin's attack.
It was a potion of attraction.
You feel attractive to monsters.
You die...

#########..####.#..
##..............##..
#..........#####.#..
#..######...........
#..# ##.######.#.
#..# #.### #.#Y #..#
#...# #.#. #.S###
###.# ##.#? #..@.#
#.# #..#. ##.#.# #.#
#.##. #.#.# #.# #.#
. #.#.# #.###.##.
#<#.# #.....<..
#.#.# #..##.###
#.#.# #..##.# #.#.#
#..##.# #.#.#
#..##.#


You could see a water moccasin.

Vanquished Creatures
  2 ice beasts
  An orc warrior (D:6)
  A black bear (D:5)
  2 sky beasts
  An ogre (D:6)
  A bullfrog (D:6)
  5 necrophages
  A scorpion (D:5)
  2 jellies (D:6)
  A gnoll bouda (D:4)
  7 hounds
  3 iguanas
  4 orc wizards
  8 adders
  5 gnolls (D:4)
  A shadow imp (D:7)
  An ufetubus (D:6)
  4 worms
  4 dart slugs
  10 orcs
  5 endoplasms (D:2)
  4 giant cockroaches
  6 goblins
  10 hobgoblins
  11 kobolds
  7 quokkas
  3 ball pythons
  8 bats
  3 frilled lizards (D:2)
  7 rats
128 creatures vanquished.

Notes
Turn   | Place    | Note
-------+----------+-------------------------------------------
     0 | D:1      | Doot the Octopode Hedge Wizard began the quest for the Orb.
     0 | D:1      | Reached XP level 1. HP: 11/11 MP: 4/4
    21 | D:1      | Found a faded altar of an unknown god.
   339 | D:1      | Reached XP level 2. HP: 17/17 MP: 0/6
  1549 | D:1      | Reached XP level 3. HP: 20/21 MP: 2/8
  1924 | D:2      | Learned a level 2 spell: Blink
  1928 | D:2      | Learned a level 3 spell: Conjure Flame
  1932 | D:2      | Learned a level 3 spell: Mephitic Cloud
  2067 | D:2      | Reached XP level 4. HP: 20/27 MP: 6/9
  2748 | D:2      | Found a shimmering blue altar of Sif Muna.
  2947 | D:3      | Found a hazy altar of Hepliaklqana.
  2961 | D:3      | Reached skill level 4 in Spellcasting
  4016 | D:4      | Reached XP level 5. HP: 32/32 MP: 11/11
  4843 | D:3      | Reached XP level 6. HP: 22/37 MP: 11/13
  5201 | D:4      | Got the Quarto of the Warped Pyre
  5246 | D:4      | Noticed Edmund
  5252 | D:4      | Learned a level 3 spell: Ignite Poison
  5254 | D:4      | Noticed Sigmund
  5261 | D:5      | Entered Level 5 of the Dungeon
  5285 | D:5      | Noticed a black bear
  5323 | D:5      | Killed a black bear
  5324 | D:5      | Reached skill level 5 in Spellcasting
  5473 | D:5      | Reached XP level 7. HP: 19/42 MP: 11/14
  5768 | D:5      | Reached skill level 1 in Short Blades
  5768 | D:5      | Reached skill level 1 in Poison Magic
  5975 | D:5      | Reached skill level 1 in Air Magic
  6358 | D:5      | Found a staircase to the Ecumenical Temple.
  6474 | Temple   | Entered the Ecumenical Temple
  6824 | Temple   | Became a worshipper of Sif Muna the Loreminder
  7382 | D:4      | Learned a level 4 spell: Sticky Flame
  7565 | D:5      | Reached skill level 1 in Fighting
  7980 | D:5      | Found a transporter.
  7985 | D:5      | Noticed KamiKatze's ghost (novice GrFi)
  7986 | D:5      | Found a transporter.
  7992 | D:5      | Identified the +10 dire flail "Fuduf" {freeze, Will+}
  8280 | D:5      | Reached XP level 8. HP: 47/48 MP: 16/16
  8351 | D:6      | Reached skill level 1 in Fire Magic
  8457 | D:6      | Reached skill level 6 in Spellcasting
  8666 | D:6      | Identified the +1 scale mail of Happy Babbling {rCorr}
  9061 | D:6      | Identified the +1 robe of Gallantry {rC+ Dex+4}
  9399 | D:6      | Reached skill level 1 in Transmutations
  9672 | D:6      | Reached skill level 5 in Stealth
  9754 | D:7      | Reached XP level 9. HP: 57/57 MP: 15/18
  9796 | D:7      | Reached * piety under Sif Muna
  9958 | D:7      | HP: 1/57 [poisoned by a water moccasin]
  9959 | D:7      | Succumbed to a water moccasin's poison

Illustrated notes

Levels and vault maps discovered:
D:1:      dpeg_arrival_renting, layout_basic,
          dreamdust_ecumenical_altar_angels_and_demons, minivault_24
D:2:      layout_basic, basic_altar, kennysheep_generic_room_13
D:3:      layout_basic, lemuel_round_altar, st_stairs_2
D:4:      layout_basic, minivault_1, hangedman_decor_push,
          grunt_decor_resistance, sigmund_edmund_badplayer
D:5:      layout_layer_cave, minmay_temple_entry_hall, gammafunk_ghost_smash,
          hangedman_decor_growths
D:6:      layout_basic
D:7:      layout_loops_ring, trog_ov_bears_minmay, hangedman_decor_points,
          sigmund_army
Temple:   mainiacjoe_temple_big_plus

Skill      XL: |  1  2  3  4  5  6  7  8 |
---------------+-------------------------+-----
Stealth        | 3 4 5 |  5.2
Spellcasting   | 4 5 6 |  6.7
Conjurations   | 2 3 4 |  4.9
Dodging        | 3 |  3.7
Short Blades   | 1 2 |  2.3
Poison Magic   | 1 3 |  3.0
Air Magic      | 1 |  1.7
Fighting       | 1 3 |  3.2
Fire Magic     | 1 |  1.7
Transmutations | 1 |  1.0
Shields        | |  0.2
Summonings     | |  1.0
Translocations | |  1.5

Action                   |  1- 3 |  4- 6 |  7- 9 || total
-------------------------+-------+-------+-------++-------
Melee: Dagger            |    40 |    33 |    50 ||   123
       Constrict         |     8 |     8 |    17 ||    33
       Tentacles         |     6 |     3 |    21 ||    30
       Punch             |       |       |     1 ||     1
 Cast: Magic Dart        |    58 |   130 |   118 ||   306
       Mephitic Cloud    |       |     4 |     7 ||    11
       Ignite Poison     |       |     2 |     4 ||     6
       Blink             |       |       |     9 ||     9
       Conjure Flame     |       |       |     4 ||     4
       Sticky Flame      |       |       |     3 ||     3
  Use: Potion            |       |       |     5 ||     5
 Stab: Sleeping          |     2 |     2 |       ||     4
       Confused          |       |       |     1 ||     1
Armor: Skin              |     4 |     1 |     3 ||     8
Dodge: Dodged            |    30 |    30 |    48 ||   108
Block: Buckler           |       |     5 |     6 ||    11
